 Dungeon Crawl Stone Soup version 0.31-a0-636-ge1c0e020e0 (webtiles) character file.

Game seed: 17275864522645264761

19546 randomguy2701 the Severer (level 12, -12/110 HPs)
             Began as a Hill Orc Fighter on Aug 27, 2023.
             Was an Elder of Beogh.
             Hit by a large rock thrown by a cyclops (24 damage)
             ... on level 10 of the Dungeon.
             The game lasted 00:25:13 (15430 turns).

randomguy2701 the Severer (Hill Orc Fighter)       Turns: 15430, Time: 00:25:14

Health: -12/110    AC: 15    Str: 37    XL:     12   Next: 70%
Magic:  0/20       EV: 10    Int:  4    God:    Beogh [****..]
Gold:   725        SH:  5    Dex: 11    Spells: 11/11 levels left

rFire   . . .        m - +0 war axe (heavy)
rCold   . . .        c - +0 buckler
rNeg    . . .        L - +4 scale mail of Zaqo {Drain rPois Str+5 Int-3}
rPois   +            N - +1 hat
rElec   .            (no cloak)
rCorr   .            (no gloves)
SInv    +            w - +0 pair of boots
Will    .....        O - amulet of guardian spirit Stlth
                     f - +6 ring of strength
HPRegen 0.38/turn    E - ring of see invisible
MPRegen 0.17/turn

%: guardian spirit
@: no status effects
A: strong 1
a: Renounce Religion, Smiting, Recall Orcish Followers


You were on level 10 of the Dungeon.
You worshipped Beogh.
Beogh was greatly pleased with you.
You visited 1 branch of the dungeon, and saw 10 of its levels.
You also visited: Sewer.

You collected 725 gold pieces.

Inventory:

Hand Weapons
 a - a +0 war axe
 m - a +0 heavy war axe (weapon)
 x - a +1 battleaxe
Missiles
 D - 2 throwing nets
Armour
 c - a +0 buckler (worn)
 w - a +0 pair of boots (worn)
 L - the +4 scale mail of Zaqo (worn) {Drain rPois Str+5 Int-3}
   (You found it on level 6 of the Dungeon)

   Str+5:     It affects your strength (+5).
   Int-3:     It affects your intelligence (-3).
   rPois:     It protects you from poison Drain: It drains your maximum health
   when unequipped.
 N - a +1 hat (worn)
Jewellery
 f - a +6 ring of strength (left hand)
 g - a ring of positive energy
 C - a ring of wizardry
 E - a ring of see invisible (right hand)
 O - an amulet of guardian spirit (around neck)
Wands
 b - a wand of paralysis (5)
 H - a wand of roots (25)
Scrolls
 h - 2 scrolls of immolation {unknown}
 i - a scroll of identify
 k - 3 scrolls of enchant weapon {unknown}
 l - 2 scrolls of enchant armour
 q - a scroll of noise
 s - 3 scrolls of revelation {unknown}
 t - a scroll of poison
 u - 2 scrolls of vulnerability {unknown}
 v - 2 scrolls of teleportation {unknown}
 y - 2 scrolls of fog {unknown}
 B - a scroll of brand weapon {unknown}
 I - a scroll of torment {unknown}
 K - a scroll of silence {unknown}
 M - a scroll of blinking
Potions
 d - 2 potions of brilliance
 e - 3 potions of curing
 j - a potion of ambrosia
 n - a potion of degeneration
 o - 2 potions of resistance
 p - 3 potions of cancellation
 r - 3 potions of invisibility
 z - 2 potions of magic
 A - 4 potions of mutation
 G - a potion of enlightenment
 J - 2 potions of might


   Skills:
 + Level 11.2 Fighting
 + Level 15.8 Axes
 + Level 10.7 Armour
 - Level 0.3 Dodging
 - Level 0.2 Stealth
 + Level 7.2 Shields
 + Level 10.6 Invocations
 + Level 0.4 Evocations


You had 11 spell levels left.
You didn't know any spells.
Your spell library contained the following spells:

 Spells                   Type           Power      Damage    Failure   Level
 Apportation              Tloc           0%         N/A       71%         1
 Scorch                   Fire           0%         2d5       83%         2
 Vhi's Electric Charge    Tloc/Air       0%         N/A       97%         3
 Animate Dead             Necr           0%         N/A       100%        4
 Flame Wave               Conj/Fire      0%         2d4       100%        4
 Summon Ice Beast         Ice/Summ       0%         N/A       100%        4
 Arcjolt                  Conj/Air       0%         1d10      100%        5
 Borgnjor's Vile Clutch   Necr/Erth      0%         N/A       100%        5
 Summon Forest            Summ/Tloc      0%         N/A       100%        5
 Summon Mana Viper        Hex/Summ       0%         N/A       100%        5
 Death Channel            Necr           0%         N/A       100%        6
 Plasma Beam              Fire/Air       0%         2x1d10    100%        6
 Summon Cactus Giant      Summ           0%         N/A       100%        6
 Malign Gateway           Summ/Tloc      0%         N/A       100%        7
 Monstrous Menagerie      Summ           0%         N/A       100%        7


Dungeon Overview and Level Annotations

Branches:
Dungeon (10/15)            Temple (0/1) D:5            Lair (0/5) D:9
  Sewer (visited)
    Orc: D:9-12

Altars:
Ashenzari
Fedhas
Okawaru
Qazlal
Trog
Xom

Shops:
D:5 (!([   D:9 *   D:10 (

Annotations:
D:9 2 transporters, oldmanjim's ghost, journeyman MfSh


Innate Abilities, Weirdness & Mutations

Your muscles are strong. (Str +4, Int/Dex -1)


Message History

You open the orc zombie like a pillowcase!!!
You destroy the orc zombie!
Beogh accepts your kill.
The centaur warrior shoots an arrow.
The arrow closely misses you.
The centaur warrior shoots an arrow.
The arrow closely misses you.
Your orc knight completely misses the ogre zombie.
An orc skeleton comes into view.
The centaur warrior shoots an arrow.
The arrow barely misses you.
Items here: $ )) †.
A cyclops comes into view.
The cyclops shouts!
The centaur warrior shoots an arrow.
The arrow barely misses you.
The ogre zombie hits your orc knight but does no damage.
Your orc knight hits the ogre zombie with a +0 club.
The centaur warrior unwields a +0 orcbow.
The centaur warrior hits you but does no damage.
The centaur warrior kicks you.
* * * LOW HITPOINT WARNING * * *
Your orc knight hits the ogre zombie with a +0 club.
The centaur warrior hits you!
* * * LOW HITPOINT WARNING * * *
The centaur warrior kicks you.
* * * LOW HITPOINT WARNING * * *
You slice the centaur warrior!!
The centaur warrior is moderately wounded.
The centaur warrior hits you.
* * * LOW HITPOINT WARNING * * *
The centaur warrior kicks you but does no damage.
Your orc knight hits the ogre zombie with a +0 club.
You feel better.
The centaur warrior hits you but does no damage.
The centaur warrior kicks you but does no damage.
Your orc knight hits the ogre zombie with a +0 club!!
The centaur warrior hits you but does no damage.
The centaur warrior kicks you.
* * * LOW HITPOINT WARNING * * *
The centaur warrior wields a +0 orcbow.
The centaur warrior shoots an arrow.
The arrow closely misses you.
The cyclops throws a large rock.
The large rock hits you!!
You die...

#.......#####).♣
.######+#####'###...).)##
...<.......#....#......)#
...........'....#......)#
...........#....#.......#
...........#....#.......#
...........#....#.......#
##......########.......#
#....o@###..######.....
........Z......... #.....
..........c........#....[
......Z...C........'.....
.####'#####'########.....
... .. ......... .... ...
......... ... ....
......... ..............


You could see a centaur warrior, a cyclops, an ogre zombie (ally target), an orc
skeleton and a friendly orc knight.

Vanquished Creatures
  A yaktaur captain (D:10)
  A two-headed ogre (D:7)
  A tengu warrior (D:10)
  A flayed ghost (D:10)
  A tengu conjurer (D:10)
  An efreet (D:10)
  Grinder (D:3)
  Sigmund (D:2)
  2 wraiths
  23 yaks
  A vampire (D:9)
  A wyvern (D:9)
  Eustachio (D:4)
  A basilisk (shapeshifter) (D:10)
  A steam dragon (D:6)
  An acid dragon (D:8)
  3 water moccasins
  3 orc warriors
  2 black bears
  2 ice beasts
  A sky beast (D:8)
  An ogre (D:4)
  A centaur (D:9)
  A phantom (D:5)
  3 gnoll sergeants
  5 kobold brigands
  3 bullfrogs
  3 scorpions
  5 wights
  11 killer bees
  5 howler monkeys
  2 gnoll boudas
  4 hounds
  5 orc priests
  Crazy Yiuf (D:7)
  3 sleepcaps
  Natasha (twice) (D:3)
  2 iguanas (D:7)
  7 orc wizards
  14 adders
  27 gnolls
  8 river rats (Sewer)
  3 shadow imps (D:7)
  3 white imps
  A worm (D:3)
  A dart slug (D:2)
  20 orcs
  11 ball pythons
  6 endoplasms
  2 giant cockroaches
  3 goblins
  5 hobgoblins
  2 jackals (D:1)
  35 kobolds
  2 quokkas (D:1)
  2 bats
  2 frilled lizards (D:1)
  An orc skeleton (D:10)
  6 orc zombies (D:10)
  18 rats
286 creatures vanquished.

Vanquished Creatures (collateral kills)
  Joseph (D:10)
  A kobold demonologist (D:10)
  2 wights (D:10)
  3 training dummies (D:10)
  2 goblin zombies (D:10)
  2 kobolds (D:10)
  An orc zombie (D:10)
12 creatures vanquished.

Vanquished Creatures (others)
  An orc priest (D:9)
  Natasha (D:3)
  An orc wizard (D:9)
  7 orcs
10 creatures vanquished.

Grand Total: 308 creatures vanquished

Notes
Turn   | Place    | Note
-------+----------+-------------------------------------------
     0 | D:1      | randomguy2701 the Hill Orc Fighter began the quest for the
                  | Orb.
     0 | D:1      | Reached XP level 1. HP: 19/19 MP: 1/1
   195 | D:1      | Reached XP level 2. HP: 17/27 MP: 2/2
   705 | D:1      | Reached skill level 3 in Axes
   804 | D:1      | Reached XP level 3. HP: 33/33 MP: 3/3
  1527 | D:2      | Reached skill level 4 in Axes
  1527 | D:2      | Reached XP level 4. HP: 40/40 MP: 4/4
  1684 | D:2      | Noticed Sigmund
  1696 | D:2      | Killed Sigmund
  1697 | D:2      | Reached skill level 5 in Axes
  1697 | D:2      | Reached XP level 5. HP: 30/47 MP: 5/5
  1697 | D:2      | Reached XP level 6. HP: 34/53 MP: 6/6
  2199 | D:3      | Reached skill level 6 in Axes
  2199 | D:3      | Found a glowing drain.
  2270 | Sewer    | Entered a sewer
  2477 | Sewer    | Reached skill level 5 in Fighting
  2669 | Sewer    | Reached skill level 5 in Armour
  2677 | Sewer    | Reached skill level 7 in Axes
  2677 | Sewer    | Reached XP level 7. HP: 19/61 MP: 7/7
  3251 | D:3      | Noticed Natasha
  3262 | D:3      | Killed Natasha
  3305 | D:3      | Became a worshipper of Beogh the Brigand
  3576 | D:3      | Noticed Grinder
  3579 | D:3      | Paralysed by Grinder for 4 turns
  3585 | D:3      | Paralysed by Grinder for 5 turns
  3605 | D:3      | Killed Grinder
  3606 | D:3      | Reached skill level 8 in Axes
  3926 | D:3      | Noticed Natasha
  3932 | D:3      | Killed Natasha
  3993 | D:3      | Killed Natasha
  5612 | D:4      | Noticed Eustachio
  6182 | D:4      | Reached XP level 8. HP: 50/70 MP: 8/8
  6333 | D:4      | Killed Eustachio
  7189 | D:4      | Reached skill level 9 in Axes
  7635 | D:5      | Entered Level 5 of the Dungeon
  7659 | D:5      | Found Zaqolum's Weapon Boutique.
  7743 | D:5      | Found Riastir's Distillery.
  7807 | D:5      | Found Lakkac's Antique Weapon Boutique.
  7833 | D:5      | Found Vuetuocw's Armour Boutique.
  7881 | D:5      | Reached skill level 10 in Axes
  7928 | D:5      | Reached * piety under Beogh
  7929 | D:5      | Reached XP level 9. HP: 59/78 MP: 9/9
  8092 | D:5      | Found a staircase to the Ecumenical Temple.
  8576 | D:6      | Gained mutation: Your muscles are strong. (Str +4, Int/Dex
                  | -1) [potion of mutation]
  8684 | D:6      | Reached skill level 11 in Axes
  8906 | D:6      | Identified the +4 scale mail of Zaqo {Drain rPois Str+5
                  | Int-3}
  8968 | D:6      | Reached skill level 5 in Shields
  9512 | D:6      | Found a broken altar of Ashenzari.
 10550 | D:7      | Reached skill level 1 in Invocations
 10653 | D:6      | Reached skill level 12 in Axes
 10837 | D:7      | Reached XP level 10. HP: 84/88 MP: 10/12
 10915 | D:7      | Reached ** piety under Beogh
 11181 | D:7      | Noticed a two-headed ogre
 11343 | D:7      | Got Impaker's Thoughts on Transposition
 11644 | D:7      | Found a shimmering altar of Xom.
 11644 | D:7      | Found a blossoming altar of Fedhas.
 11882 | D:7      | Killed a two-headed ogre
 11883 | D:7      | Reached skill level 5 in Invocations
 12000 | D:7      | Found a runed translucent door.
 12001 | D:7      | Noticed Crazy Yiuf
 12032 | D:7      | Killed Crazy Yiuf
 12408 | D:8      | Reached skill level 13 in Axes
 13418 | D:9      | Reached XP level 11. HP: 75/97 MP: 15/15
 13556 | D:9      | Reached skill level 14 in Axes
 13563 | D:9      | Reached *** piety under Beogh
 13615 | D:9      | Found a staircase to the Lair.
 13986 | D:9      | Identified the +0 leather armour of Pride {Harm rC+ Str+2}
 14028 | D:9      | Found Quvahaak's Assorted Antiques.
 14045 | D:9      | Found a transporter.
 14050 | D:9      | Noticed a two-headed ogre
 14051 | D:9      | Noticed a two-headed ogre
 14055 | D:9      | Found a bloodstained altar of Trog.
 14056 | D:9      | Noticed a tengu warrior
 14063 | D:9      | Noticed a moth of wrath
 14067 | D:9      | Noticed oldmanjim's ghost (journeyman MfSh)
 14106 | D:9      | Found a transporter.
 14126 | D:9      | Found an iron altar of Okawaru.
 14312 | D:9      | Reached skill level 10 in Fighting
 14312 | D:9      | Reached skill level 15 in Axes
 14312 | D:9      | Reached skill level 10 in Armour
 14312 | D:9      | Reached skill level 10 in Invocations
 14312 | D:9      | Reached XP level 12. HP: 108/108 MP: 16/19
 14346 | D:10     | Entered Level 10 of the Dungeon
 14424 | D:10     | Noticed a tengu warrior
 14439 | D:10     | Killed a tengu warrior
 14752 | D:10     | Found a stormy altar of Qazlal.
 14870 | D:10     | Reached **** piety under Beogh
 15288 | D:10     | Found Sausuc's Firing Range.
 15302 | D:10     | Noticed Joseph
 15314 | D:10     | Killed Joseph
 15414 | D:10     | Noticed a yaktaur captain
 15420 | D:10     | Noticed a centaur warrior
 15422 | D:10     | Killed a yaktaur captain
 15430 | D:10     | Hit by a large rock thrown by a cyclops

Illustrated notes

Levels and vault maps discovered:
D:1:      sevenhm_arrival_forest_fort_large_2, layout_basic
D:2:      layout_basic, minmay_crystal_room, minmay_parallelograms,
          minmay_misc_feat_chi, uniq_sigmund
D:3:      layout_basic, cheibrodos_sewer_entry_drain, minmay_crystal_water,
          minmay_misc_feat_more_columns, uniq_natasha, uniq_grinder
D:4:      minmay_spotlight, layout_loops_ring, uniq_eustachio
D:5:      layout_basic, minmay_temple_entry_glassed_door, serial_shops, shop,
          nicolae_lakefront_shop, nicolae_shop_hallway_plus,
          nicolae_shop_waterfront
D:6:      layout_loops_ring, mainiacjoe_overflow_tiny_flanked
D:7:      cheibrodos_barr_body, layout_basic, mainiacjoe_overflow_divided_tiny,
          hangedman_decor_growths, uniq_crazy_yiuf_cottage
D:8:      layout_loops_ring
D:9:      layout_loops_cross, okawaru_ov_weapons_minmay, dpeg_oklobed_lair,
          gammafunk_ghost_wrathful_warriors, serial_shops, shop_statue
D:10:     minmay_chopped_fan, layout_gridville, lemuel_doored_altar,
          zombieorc2_lemuel, hangedman_abyss_or_decor_clamps,
          minmay_misc_feat_square, chequers_avenue, nicolae_shop_firing_range,
          uniq_joseph

Skill      XL: |  1  2  3  4  5  6  7  8  9 10 11 12 |
---------------+-------------------------------------+-----
Fighting       | 4 5 6 7 9 10 11 | 11.2
Axes           | 3 4 5 7 8 10 12 13 15 | 15.8
Armour         | 4 5 7 8 9 10 | 10.7
Shields        | 4 5 6 7 |  7.2
Invocations    | 2 6 10 | 10.6
Dodging        | |  0.3
Stealth        | |  0.2
Evocations     | |  0.4

Action                     |  1- 3 |  4- 6 |  7- 9 | 10-12 || total
---------------------------+-------+-------+-------+-------++-------
  Melee: War axe           |    60 |   106 |   440 |   377 ||   983
 Invoke: Convert to Beogh  |       |       |     1 |       ||     1
  Evoke: Wand              |       |       |       |     6 ||     6
    Use: Potion            |       |     1 |     7 |     6 ||    14
         Scroll            |       |       |     3 |    12 ||    15
 Armour: Scale mail        |    25 |    51 |   172 |   142 ||   390
  Dodge: Dodged            |    22 |    77 |   188 |   143 ||   430
  Block: Buckler           |     8 |    19 |   107 |    60 ||   194

Table legend: (Time is in decaauts)
 A = Elapsed time spent in this place.
 B = Non-inter-level travel time spent in this place.
 C = Inter-level travel time spent in this place.
 D = Time resting spent in this place.
 E = Time spent auto-exploring this place.
 F = Levels seen in this place.
 G = Mean time per level.
                   A        B        C        D        E       F      G
               +--------+--------+--------+--------+--------+-----+--------+
         Total |  15484 |  14062 |   1422 |   1992 |   9890 |  11 | 1407.6 |
       Dungeon |  14493 |  13071 |   1422 |   1992 |   9113 |  10 | 1449.3 |
         Sewer |    991 |    991 |      0 |      0 |    777 |   1 |  991.0 |
               +--------+--------+--------+--------+--------+-----+--------+

Top non-repeatable levels by time:
     D:3: 3331 daAuts
     D:4: 1989 daAuts
     D:7: 1428 daAuts
     D:6: 1395 daAuts
     D:1: 1293 daAuts
     D:8: 1191 daAuts
    D:10: 1090 daAuts
   Sewer: 991 daAuts
     D:5: 968 daAuts
     D:9: 957 daAuts
     D:2: 847 daAuts
